 Dungeon Crawl Stone Soup version 0.28-a0-32-g8dfe7f97f6 (webtiles) character file.

Game seed: 7487050608415368185

80493 ramir17 the Metallomancer (level 15, -3/108 HPs)
             Began as a Deep Dwarf Necromancer on July 26, 2021.
             Was the Champion of Makhleb.
             Slain by a spriggan rider (10 damage)
             ... on level 1 of the Swamp on July 27, 2021.
             The game lasted 03:05:40 (38934 turns).

ramir17 the Metallomancer (Deep Dwarf Necromancer) Turns: 38934, Time: 03:05:41

Health: -3/108     AC: 19    Str: 12    XL:     15   Next: 24%
Magic:  3/26       EV: 17    Int: 22    God:    Makhleb [******]
Gold:   756        SH:  0    Dex: 18    Spells: 14/37 levels left

rFire   + . .      SeeInvis .   t - +0 hand axe (freeze)
rCold   + . .      Faith    .   (no shield)
rNeg    + . .      Spirit   .   E - +2 robe {rC+ rF+}
rPois   +          Reflect  .   Z - +1 hat
rElec   +          Harm     .   V - +2 cloak of Asceticism {Dex+5}
rCorr   .          Rampage  .   o - +0 pair of gloves
Will    ++...                   J - +0 pair of boots {Stlth+}
Stlth   +++.......              S - amulet of magic regeneration
HPRegen 0.00/turn               P - +4 ring of protection
MPRegen 0.45/turn               Y - ring of Autumn {rElec rPois AC+4}

@: no status effects
A: damage resistance, heal wounds, negative energy resistance 1, sense
surroundings 2, no regeneration
a: Heal Wounds, Renounce Religion, Minor Destruction, Lesser Servant of Makhleb,
Major Destruction, Greater Servant of Makhleb


You were on level 1 of the Swamp.
You worshipped Makhleb.
Makhleb was exalted by your worship.
You visited 6 branches of the dungeon, and saw 22 of its levels.

You collected 2144 gold pieces.
You spent 1388 gold pieces at shops.

Inventory:

Hand Weapons
 t - a +0 hand axe of freezing (weapon)
 B - a +2 hunting sling of freezing
Missiles
 e - 62 sling bullets
 H - 5 curare-tipped darts (quivered)
Armour
 c - +0 swamp dragon scales
 o - a +0 pair of gloves (worn)
 E - a +2 robe of resistance (worn)
 J - a +0 pair of boots of stealth (worn)
 V - the +2 cloak of Asceticism (worn) {Dex+5}
   (You found it on level 6 of the Lair of Beasts)

   Dex:       It affects your dexterity (+5).
 Z - a +1 hat (worn)
Jewellery
 g - a ring of protection from cold
 k - a +4 ring of evasion
 G - a ring of willpower
 P - a +4 ring of protection (left hand)
 S - an amulet of magic regeneration (around neck)
 T - a ring of protection from fire
 Y - the ring of Autumn (right hand) {rElec rPois AC+4}
   (You bought it in a shop on level 2 of the Dungeon)

   [ring of protection]

   AC:        It affects your AC (+4).
   rElec:     It insulates you from electricity.
   rPois:     It protects you from poison.
Wands
 a - a wand of polymorph (23)
 b - a wand of charming (4)
 F - a wand of paralysis (19)
 K - a wand of flame (27)
 L - a wand of mindburst (3)
 N - a wand of iceblast (16)
Scrolls
 d - 2 scrolls of torment
 j - 2 scrolls of immolation {unknown}
 m - 3 scrolls of fog
 n - 2 scrolls of holy word
 p - a scroll of teleportation
 q - a scroll of brand weapon
 s - 4 scrolls of blinking
 u - 7 scrolls of enchant weapon
 x - 5 scrolls of magic mapping
 y - 2 scrolls of silence
 z - 2 scrolls of vulnerability
 M - 2 scrolls of summoning
 O - 2 scrolls of amnesia
 U - 3 scrolls of enchant armour
Potions
 f - 3 potions of attraction
 h - a potion of resistance {unknown}
 i - 6 potions of curing
 l - 2 potions of mutation
 r - 4 potions of flight
 v - 6 potions of lignification
 w - 2 potions of might
 C - a potion of ambrosia
 D - a potion of cancellation
 R - 2 potions of invisibility
 X - a potion of haste


   Skills:
 - Level 2.4 Axes
 - Level 5.3 Armour
 - Level 8.7 Dodging
 - Level 2.4 Stealth
 + Level 11.6 Spellcasting
 + Level 9.5 Conjurations
 - Level 8.4 Necromancy
 - Level 4.0 Fire Magic
 * Level 21.0 Earth Magic


You had 14 spell levels left.
You knew the following spells:

 Your Spells              Type           Power      Damage    Failure   Level
a - Pain                  Necr           100%       1d9       1%          1
b - Vampiric Draining     Necr           25%        2d9       1%          3
c - Bolt of Magma         Conj/Fire/Erth 29%        4d13      1%          5
d - Stone Arrow           Conj/Erth      100%       3d13      1%          3
e - Iron Shot             Conj/Erth      34%        9d7       1%          6
f - Lee's Rapid Deconstr  Erth           40%        3d21*     1%          5

Your spell library contained the following spells:

 Spells                   Type           Power      Damage    Failure   Level
 Sandblast                Erth           100%       2d20      0%          1
 Animate Skeleton         Necr           100%       N/A       1%          1
 Passwall                 Tmut/Erth      46%        N/A       1%          2
 Sublimation of Blood     Necr           25%        N/A       1%          2
 Animate Armour           Summ/Erth      100%       N/A       1%          4
 Animate Dead             Necr           25%        N/A       1%          4
 Dispel Undead            Necr           50%        3d19      1%          4
 Leda's Liquefaction      Hex/Erth       28%        N/A       1%          4
 Agony                    Necr           50%        N/A       4%          5
 Excruciating Wounds      Necr           25%        N/A       4%          5
 Blink                    Tloc           N/A        N/A       8%          2
 Wereblood                Tmut           12%        N/A       8%          2
 Statue Form              Tmut/Erth      37%        N/A       11%         6
 Portal Projectile        Hex/Tloc       24%        N/A       16%         3
 Death Channel            Necr           25%        N/A       24%         6
 Lehudib's Crystal Spear  Conj/Erth      34%        10d9      54%         8
 Blade Hands              Tmut           6%         N/A       82%         5
 Manifold Assault         Tloc           12%        N/A       82%         5
 Haunt                    Necr/Summ      15%        N/A       100%        7
 Storm Form               Tmut/Air       6%         N/A       100%        7
 Summon Hydra             Summ           6%         N/A       100%        7
 Infestation              Necr           25%        N/A       100%        8
 Death's Door             Necr           25%        N/A       100%        9


Dungeon Overview and Level Annotations

Branches:
Dungeon (11/15)            Temple (1/1) D:4            Lair (6/6) D:8
  Swamp (1/4) Lair:3       Spider (0/4) Lair:3        Slime (0/5) Lair:5
    Orc (2/2) D:10            Elf (1/3) Orc:2

Altars:
Ashenzari
Cheibriados
Dithmenos
Fedhas
Gozag
Hepliaklqana
Makhleb
Nemelex Xobeh
Qazlal
Ru
Sif Muna
Trog
Uskayaw
Vehumet
Wu Jian
Xom
Yredelemnul
The Shining One
Beogh

Shops:
D:2 *(=[   Orc:1 ?   Orc:2 :=!*:

Annotations:
D:7 2 runed translucent doors, wazuzu's ghost, novice DsDe
Lair:3 Rupert
Lair:5 exclusion: 3 oklob plants


Innate Abilities, Weirdness & Mutations

You are resistant to damage.
You can heal yourself by infusing magical energy.
You resist negative energy. (rN+)
You passively map the area around you.
You do not regenerate.


Message History

Aiming: Vampiric Draining (safe; 1% risk of failure)
Press: ? - help, Shift-Dir - straight line, f/p - spriggan rider
Aim: a spriggan rider, wielding a +0 spear (lightly wounded)
You draw life force from the spriggan rider!
You feel life coursing into your body.
The spriggan rider hits you with a +0 spear! x2
Casting: Vampiric Draining (safe; 1% risk of failure)
Confirm with . or Enter, or press ? or * to list all spells.
Aiming: Vampiric Draining (safe; 1% risk of failure)
Press: ? - help, Shift-Dir - straight line, f/p - spriggan rider
Aim: a spriggan rider, wielding a +0 spear (moderately wounded)
You draw life force from the spriggan rider.
You feel life coursing into your body.
The spriggan rider completely misses you. x2
Casting: Vampiric Draining (safe; 1% risk of failure)
Confirm with . or Enter, or press ? or * to list all spells.
Aiming: Pain (safe; 1% risk of failure)
Press: ? - help, Shift-Dir - straight line, f/p - spriggan rider
Aim: a spriggan rider, wielding a +0 spear (moderately wounded, chance to affect: 21%)
The spriggan rider writhes in agony!
The spriggan rider hits you but does no damage. x2
Casting: Pain (safe; 1% risk of failure)
Confirm with . or Enter, or press ? or * to list all spells.
You don't have enough magic to cast this spell.
The spriggan rider hits you from afar with a +0 spear! x2
* * * LOW HITPOINT WARNING * * *
The spriggan rider hits you but does no damage. x2
The spriggan rider hits you with a +0 spear!
* * * LOW HITPOINT WARNING * * *
The spriggan rider misses you.
The spriggan rider hits you from afar with a +0 spear!
* * * LOW HITPOINT WARNING * * *
The spriggan rider completely misses you.
The spriggan rider hits you with a +0 spear!
* * * LOW HITPOINT WARNING * * *
The spriggan rider misses you. The spriggan rider barely misses you.
You hit the spriggan rider. You freeze the spriggan rider.
The spriggan rider is heavily wounded.
The spriggan rider hits you from afar with a +0 spear!
You die...

≈≈.§...♣♣
≈≈.≈≈..≈♣♣♣♣♣
..†≈.≈.≈.≈..♣♣♣♣♣
.............≈≈.♣♣♣
....≈...♣#...≈....♣♣
.≈.................♣♣
....#.#......#♣...i≈♣
...#####....####i...♣
...#* #.......#.@.§≈♣
≈...##....#.......≈♣♣
≈........♣♣♣..)...♣♣
,,,.............♣♣ ≈
...≈....§..≈≈≈ , ,
...≈.....♣♣
≈≈.≈≈.≈.≈♣ , **
≈..(.≈...≈ , **
♣.≈.i.....,,


You could see 2 spriggan riders.

Vanquished Creatures
  A dire elephant (Lair:4)
  A bunyip (Swamp:1)
  An eleionoma (Swamp:1)
  4 hydras
  A catoblepas (Lair:6)
  5 two-headed ogres
  2 alligators
  A deep troll shaman (Lair:6)
  5 death yaks
  3 orc high priests (Orc:2)
  Nergalle (D:10)
  Sonja (D:10)
  2 deep elf knights (Elf:1)
  A goliath frog (Swamp:1)
  2 bog bodies (Swamp:1)
  A swamp dragon (Swamp:1)
  Pikel (D:7)
  4 deep elf zephyrmancers (Orc:1)
  9 deep elf pyromancers
  6 orc knights
  A cyclops (D:11)
  4 orc sorcerers (Orc:2)
  28 elephants
  2 black mambas (Lair:6)
  Maurice (D:8)
  A rime drake (Lair:3)
  9 cane toads
  2 gargoyles (D:11)
  3 kobold demonologists
  5 komodo dragons
  5 trolls
  A bloated husk (Swamp:1)
  3 polar bears
  2 tyrant leeches (Swamp:1)
  36 blink frogs
  Grinder (D:6)
  2 hornets
  4 dream sheep (Lair:4)
  33 yaks
  A shadow (D:9)
  A vampire (D:10)
  A redback (Lair:3)
  3 spriggans
  A wraith (D:10)
  A steam dragon (D:3)
  6 vampire mosquitoes
  4 basilisks
  Menkaure (D:6)
  6 wargs
  A swamp worm (Swamp:1)
  An acid dragon (D:10)
  8 water moccasins
  24 orc warriors
  A sky beast (D:3)
  A swamp drake (Swamp:1)
  3 ice beasts
  2 black bears
  32 wolves
  2 necrophages
  10 centaurs
  13 ogres
  A phantom (Temple)
  A lemure (D:6)
  5 kobold brigands
  6 gnoll sergeants
  A wyvern zombie (D:5)
  3 scorpions
  12 bullfrogs
  A water moccasin zombie (D:5)
  6 killer bees
  12 wights
  12 howler monkeys
  An electric eel (D:8)
  7 centaur zombies
  2 bullfrog zombies
  9 hounds
  A bullfrog skeleton (D:5)
  23 orc priests
  2 jellies
  2 gnoll shamans (D:6)
  Jessica (D:2)
  3 iguanas (D:5)
  24 orc wizards
  4 hell rats (Lair:6)
  2 hound zombies
  A hound skeleton (D:4)
  2 howler monkey zombies
  7 adders
  17 gnolls
  2 white imps
  2 ufetubi (D:6)
  2 worms
  5 dart slugs
  61 orcs
  10 bats
  9 endoplasms
  3 giant cockroaches
  11 goblins
  10 hobgoblins
  2 jackals (D:1)
  4 quokkas
  10 ball pythons
  4 frilled lizards
  17 kobolds
  8 rats
646 creatures vanquished.

Vanquished Creatures (collateral kills)
  A death yak (Lair:5)
1 creature vanquished.

Vanquished Creatures (others)
  An orc wizard (Orc:2)
  A bush (Lair:6)
  105 fungi
  107 plants
214 creatures vanquished.

Grand Total: 861 creatures vanquished

Notes
Turn   | Place    | Note
-------+----------+-------------------------------------------
     0 | D:1      | ramir17 the Deep Dwarf Necromancer began the quest for the
                  | Orb.
     0 | D:1      | Reached XP level 1. HP: 15/15 MP: 3/3
   146 | D:1      | Reached XP level 2. HP: 8/22 MP: 0/4
   165 | D:1      | HP: 1/22 [hobgoblin (4)]
   613 | D:1      | Reached skill level 5 in Necromancy
   628 | D:1      | Reached XP level 3. HP: 23/28 MP: 0/6
   710 | D:1      | Learned a level 3 spell: Vampiric Draining
   884 | D:2      | Found Fabb's Jewellery Shoppe.
  1309 | D:2      | Found Nyguep's Antique Weapon Boutique.
  1458 | D:2      | Found Micoraf's Armour Shop.
  1534 | D:2      | Noticed Jessica
  1537 | D:2      | Killed Jessica
  1538 | D:2      | Reached XP level 4. HP: 30/36 MP: 3/7
  1681 | D:2      | Found Qunaibu's General Store.
  1814 | D:3      | Noticed an ice beast
  1894 | D:3      | Killed an ice beast
  1895 | D:3      | Reached XP level 5. HP: 35/42 MP: 2/9
  2176 | D:3      | Got Coergh's Reference Book on Dark Secrets
  2224 | D:3      | Noticed a sky beast
  2433 | D:3      | Noticed a steam dragon
  2784 | D:4      | Noticed a phantom
  2807 | D:4      | Found a staircase to the Ecumenical Temple.
  2807 | D:4      | Noticed a necrophage
  2814 | Temple   | Entered the Ecumenical Temple
  2843 | Temple   | Killed a phantom
  2844 | Temple   | Reached skill level 1 in Axes
  2844 | Temple   | Reached skill level 1 in Earth Magic
  2844 | Temple   | Reached XP level 6. HP: 19/49 MP: 10/10
  2962 | Temple   | Became a worshipper of Makhleb the Destroyer
  3253 | D:4      | Reached skill level 2 in Earth Magic
  3596 | D:4      | Reached XP level 7. HP: 53/55 MP: 0/10
  3857 | D:4      | Learned a level 5 spell: Bolt of Magma
  4316 | D:5      | Entered Level 5 of the Dungeon
  4381 | D:5      | Learned a level 3 spell: Stone Arrow
  4396 | D:5      | Reached skill level 3 in Earth Magic
  4567 | D:5      | Reached skill level 5 in Dodging
  4567 | D:5      | Reached skill level 4 in Earth Magic
  4660 | D:5      | Found a shimmering altar of Xom.
  5096 | D:5      | Reached skill level 5 in Earth Magic
  5348 | D:5      | Reached XP level 8. HP: 41/62 MP: 2/12
  5488 | D:5      | Reached * piety under Makhleb
  5493 | D:5      | Reached skill level 6 in Earth Magic
  5994 | D:5      | Found an opulent altar of Gozag.
  5994 | D:5      | Found a sacrificial altar of Ru.
  6505 | D:6      | Reached skill level 7 in Earth Magic
  6611 | D:6      | Noticed Menkaure
  6616 | D:6      | Killed Menkaure
  6864 | D:6      | Reached skill level 8 in Earth Magic
  7081 | D:6      | Reached skill level 5 in Spellcasting
  7458 | D:6      | Gained mutation: You passively map the area around you.
                  | [Deep Dwarf growth]
  7458 | D:6      | Reached XP level 9. HP: 68/68 MP: 0/14
  7738 | D:6      | Reached skill level 9 in Earth Magic
  8068 | D:6      | Reached ** piety under Makhleb
  8415 | D:6      | Reached skill level 10 in Earth Magic
  8861 | D:6      | Found a basalt altar of Yredelemnul.
  9200 | D:6      | Noticed a two-headed ogre
  9439 | D:6      | Found an ornate altar of the Wu Jian Council.
  9653 | D:6      | Reached skill level 11 in Earth Magic
  9881 | D:6      | Noticed Grinder
  9889 | D:6      | Killed Grinder
 10351 | D:6      | Reached XP level 10. HP: 75/75 MP: 10/17
 10768 | D:2      | Bought a +1 cloak of stealth for 181 gold pieces
 11240 | D:6      | Killed a two-headed ogre
 11241 | D:6      | Reached skill level 12 in Earth Magic
 11508 | D:7      | Reached *** piety under Makhleb
 11909 | D:7      | Noticed Pikel
 12194 | D:7      | Reached skill level 1 in Armour
 12260 | D:7      | Killed Pikel
 13165 | D:7      | Reached skill level 13 in Earth Magic
 13603 | D:7      | Found a stormy altar of Qazlal.
 13668 | D:7      | Found a broken altar of Ashenzari.
 13897 | D:7      | Noticed wazuzu's ghost (novice DsDe)
 13898 | D:7      | Found a large runed translucent door.
 13899 | D:7      | Found a large runed translucent door.
 14264 | D:8      | Noticed Maurice
 14592 | D:8      | Killed Maurice
 14594 | D:8      | Found a staircase to the Lair.
 15477 | D:9      | Found a blossoming altar of Fedhas.
 15670 | D:9      | Reached XP level 11. HP: 70/81 MP: 7/17
 16353 | D:9      | Noticed a sixfirhy
 17021 | D:9      | Found a radiant altar of Vehumet.
 17407 | D:10     | Entered Level 10 of the Dungeon
 17729 | D:10     | Found a sparkling altar of Nemelex Xobeh.
 18133 | D:10     | Noticed a two-headed ogre
 18154 | D:10     | Killed a two-headed ogre
 18155 | D:10     | Reached skill level 14 in Earth Magic
 18490 | D:2      | Bought a scroll of blinking for 105 gold pieces
 18676 | Lair:1   | Entered Level 1 of the Lair of Beasts
 18903 | Lair:1   | Reached **** piety under Makhleb
 19899 | Lair:1   | Noticed a six-headed hydra
 20593 | Lair:2   | Reached skill level 5 in Armour
 22100 | Lair:3   | Found a staircase to the Swamp.
 22183 | Lair:3   | Noticed Rupert
 22185 | Lair:3   | Upgraded the game from 0.28-a0-21-gf74fda84f9 to
                  | 0.28-a0-32-g8dfe7f97f6
 22246 | Lair:3   | Reached skill level 1 in Conjurations
 22246 | Lair:3   | Reached skill level 1 in Fire Magic
 22770 | Lair:3   | Found a hole to the Spider Nest.
 22788 | Lair:3   | Paralysed by Rupert for 3 turns
 22961 | Lair:3   | Reached skill level 15 in Earth Magic
 23278 | Lair:4   | Noticed a four-headed hydra
 23287 | Lair:4   | Killed a four-headed hydra
 23288 | Lair:4   | Reached XP level 12. HP: 88/88 MP: 6/20
 24649 | Lair:4   | Noticed a dire elephant
 24995 | Lair:4   | Reached skill level 16 in Earth Magic
 25490 | Lair:5   | Noticed a death yak
 25618 | Lair:4   | Learned a level 6 spell: Iron Shot
 25813 | Lair:5   | Killed a death yak
 26018 | Lair:5   | Reached skill level 5 in Conjurations
 26203 | Lair:5   | Reached ***** piety under Makhleb
 26488 | Lair:5   | Reached XP level 13. HP: 86/94 MP: 0/22
 26917 | Lair:5   | Found a staircase to the Slime Pits.
 27146 | Lair:5   | Reached skill level 17 in Earth Magic
 28148 | Lair:6   | Entered Level 6 of the Lair of Beasts
 29059 | Lair:6   | Reached skill level 10 in Spellcasting
 29229 | Lair:5   | Reached skill level 18 in Earth Magic
 29670 | Lair:6   | Identified the +2 cloak of Asceticism {Dex+5}
 30945 | Lair:6   | Gained mutation: You resist negative energy. (rN+) [Deep
                  | Dwarf growth]
 30945 | Lair:6   | Reached XP level 14. HP: 69/102 MP: 4/24
 31081 | Lair:6   | Identified the +1 robe "Ruixtip" {Contam Int+8}
 31298 | Lair:4   | Reached skill level 19 in Earth Magic
 31678 | D:2      | Bought 2 scrolls of blinking for 210 gold pieces
 31727 | D:2      | Bought the ring of Autumn {rElec rPois AC+4} for 650 gold
                  | pieces
 32398 | D:10     | Noticed Nergalle
 32473 | D:10     | Killed Nergalle
 32897 | D:10     | Found a staircase to the Orcish Mines.
 33385 | D:10     | Noticed Sonja
 33389 | D:10     | Killed Sonja
 34248 | Orc:1    | Entered Level 1 of the Orcish Mines
 34731 | Orc:1    | Reached ****** piety under Makhleb
 34949 | Orc:1    | Identified the +2 ring mail "Udyronipoi" {rF- rN+++ Str+4
                  | Stlth+}
 35229 | Orc:1    | Found Sylacapo's Magic Scroll Shop.
 35291 | Orc:2    | Entered Level 2 of the Orcish Mines
 35729 | Orc:2    | Reached skill level 20 in Earth Magic
 35927 | Orc:2    | Found Fuugerphya's Book Boutique.
 35935 | Orc:2    | Bought a book of Geomancy for 242 gold pieces
 36120 | Orc:1    | Learned a level 5 spell: Lee's Rapid Deconstruction
 36142 | Orc:2    | Found a staircase to the Elven Halls.
 36982 | Orc:2    | Found Hominoet's Jewellery Shop.
 36982 | Orc:2    | Found Kiock's Book Shoppe.
 36984 | Orc:2    | Found Xigane's Assorted Antiques.
 36984 | Orc:2    | Found Gyraitwa's Distillery.
 37809 | Elf:1    | Entered Level 1 of the Elven Halls
 37870 | Elf:1    | Reached XP level 15. HP: 98/108 MP: 11/26
 38200 | Swamp:1  | Entered Level 1 of the Swamp
 38638 | Swamp:1  | Reached skill level 21 in Earth Magic
 38934 | Swamp:1  | Slain by a spriggan rider

Illustrated notes

Levels and vault maps discovered:
D:1:      sevenhm_arrival_forest_fort_small_4, layout_basic
D:2:      wander_river, layout_loops_ring, serial_shops, nicolae_square_shop,
          nicolae_shop_behind_doors, nicolae_square_shop, shop,
          grunt_ministairs_14, uniq_jessica
D:3:      layout_rooms, minmay_circle_x
D:4:      layout_basic, minmay_temple_entry_ruins
D:5:      layout_basic, tgw_xom, gammafunk_temple_overflow_elements
D:6:      lemuel_castle_with_subvaults [lemuel_castle_interior_carwin_2],
          layout_loops_ring, mainiacjoe_overflow_alcove_4,
          nzn_wu_jian_council_hall, minmay_tree_intersection,
          minmay_statues_item, minmay_crystal_room, uniq_menkaure, uniq_grinder
D:7:      layout_basic, mainiacjoe_overflow_two_lobes,
          ebering_ghost_disaster_area, uniq_pikel
D:8:      layout_loops_ring, dpeg_oklobed_lair, kennysheep_minor_cross,
          uniq_maurice
D:9:      layout_basic, fedhas_bush_and_centaur_altar, vehumet_altar_wand_db
D:10:     layout_cave_pools, nemelex_xobeh_ov_fountains_minmay,
          david_orc_1_choice, minmay_puff, uniq_sonja, uniq_nergalle
D:11:     layout_loops_ring
Temple:   minmay_temple_forest_path
Lair:1:   layout_cave_pods
Lair:2:   layout_hall_layers, bh_autumn_forest_stairs, grunt_megastairs_4
Lair:3:   layout_cave_pods, swamp_mist_pool, spider_nest_entry_rubble,
          uniq_rupert
Lair:4:   mu_elephants_graveyard, layout_gridlike, st_stairs_7
Lair:5:   layout_cave_pods, minmay_slime_entry_oklob_enclosed, st_stairs_9,
          lookout_lair_type
Lair:6:   grunt_lair_end_beastmaster, layout_loops_ring
Swamp:1:  layout_falls_marsh, nicolae_swamp_rocky_clearing
Orc:1:    layout_caves, serial_shops, shop, elves_outpost_lemuel
Orc:2:    grunt_orc_tribal_feast, layout_caves, serial_shops, shop, basic_altar,
          hellmonk_bongcloud_opening, mines5_lemuel
Elf:1:    layout_gridlike, minmay_elf_sorcery, minmay_shop_star

Skill      XL: |  1  2  3  4  5  6  7  8  9 10 11 12 13 14 15 |
---------------+----------------------------------------------+-----
Spellcasting   | 2 3 4 5 6 7 8 9 10 11 | 11.6
Necromancy     | 5 6 7 8 |  8.4
Dodging        | 3 4 5 6 8 |  8.7
Axes           | 1 2 |  2.4
Earth Magic    | 1 2 5 8 11 13 15 16 18 20 21 | 21.0
Armour         | 3 5 |  5.3
Conjurations   | 2 5 7 9 |  9.5
Fire Magic     | 2 4 |  4.0
Stealth        | |  2.4

Action                   |  1- 3 |  4- 6 |  7- 9 | 10-12 | 13-15 || total
-------------------------+-------+-------+-------+-------+-------++-------
Melee: Unarmed           |    25 |       |       |       |       ||    25
       Hand axe          |       |    78 |    80 |    26 |    40 ||   224
 Fire: Hunting sling     |    48 |    29 |    14 |   142 |    34 ||   267
Throw: Dart              |       |     2 |    16 |     7 |     6 ||    31
 Cast: Pain              |    42 |    32 |   137 |   145 |   161 ||   517
       Vampiric Draining |       |    19 |    98 |   131 |   117 ||   365
       Stone Arrow       |       |       |    48 |   217 |   141 ||   406
       Bolt of Magma     |       |       |       |    67 |    62 ||   129
       Iron Shot         |       |       |       |     3 |   219 ||   222
       Lee's Rapid Decon |       |       |       |       |    15 ||    15
 Abil: Heal Wounds       |     1 |     2 |     2 |     3 |     2 ||    10
Evoke: Wand              |       |       |       |       |    28 ||    28
  Use: Scroll            |       |     4 |     4 |    18 |     4 ||    30
       Potion            |       |     4 |     5 |     3 |     3 ||    15
Armor: Robe              |     6 |    10 |    24 |    98 |   257 ||   395
       Leather armour    |       |       |       |     2 |       ||     2
Dodge: Dodged            |    43 |    76 |   143 |   345 |   514 ||  1121
Block: Other             |       |       |       |    57 |       ||    57
       Reflection        |       |       |       |     4 |       ||     4

Table legend: (Time is in decaauts)
 A = Elapsed time spent in this place.
 B = Non-inter-level travel time spent in this place.
 C = Inter-level travel time spent in this place.
 D = Time resting spent in this place.
 E = Time spent auto-exploring this place.
 F = Levels seen in this place.
 G = Mean time per level.
                   A        B        C        D        E       F      G
               +--------+--------+--------+--------+--------+-----+--------+
         Total |  39111 |  34928 |   4183 |  14921 |  12056 |  22 | 1777.8 |
       Dungeon |  22300 |  19684 |   2616 |   8986 |   6781 |  11 | 2027.3 |
        Temple |    181 |    148 |     33 |      0 |    109 |   1 |  181.0 |
          Lair |  13071 |  11700 |   1371 |   4448 |   4206 |   6 | 2178.5 |
         Swamp |    494 |    494 |      0 |    234 |    117 |   1 |  494.0 |
  Orcish Mines |   3035 |   2873 |    162 |   1245 |    841 |   2 | 1517.5 |
   Elven Halls |     28 |     28 |      0 |      7 |      0 |   1 |   28.0 |
               +--------+--------+--------+--------+--------+-----+--------+

Top non-repeatable levels by time:
     D:6: 4861 daAuts
  Lair:5: 3308 daAuts
     D:9: 3033 daAuts
  Lair:4: 2339 daAuts
     D:5: 2331 daAuts
  Lair:6: 2269 daAuts
     D:7: 2182 daAuts
    D:10: 1962 daAuts
     D:4: 1853 daAuts
  Lair:3: 1815 daAuts
  Lair:2: 1724 daAuts
     D:8: 1697 daAuts
  Lair:1: 1614 daAuts
   Orc:2: 1556 daAuts
   Orc:1: 1479 daAuts
